 Seeded DCSS version 0.30-a0-738-g116ff8c4af (webtiles) character file.

Game seed: 5430720872467839093 (custom seed)

2108 purpskrrrp the Charlatan (level 9, -6/54 HPs)
             Began as an Octopode Air Elementalist on Feb 4, 2023.
             Was a Follower of Vehumet.
             Mangled by a two-headed ogre
             ... wielding a +0 giant spiked club
              (20 damage)
             ... on level 5 of the Dungeon.
             The game lasted 00:19:56 (6320 turns).

purpskrrrp the Charlatan (OpAE)                     Turns: 6320, Time: 00:19:56

Health: -6/54      AC:  2    Str: 20    XL:     9   Next: 28%
Magic:  4/15       EV: 15    Int: 26    God:    Vehumet [*.....]
Gold:   1893       SH:  0    Dex: 15    Spells: 16/17 levels left

rFire   + . .      SeeInvis .    m - +3 short sword of the Manifold Quests {flame, rElec Int+5}
rCold   + . .      Faith    .    (no shield)
rNeg    + . .      Spirit   .    l - +1 hat of Ekkokkuf {+Blink Int+3}
rPois   .          Reflect  .    (no amulet)
rElec   +          Harm     .    j - +6 ring of strength
rCorr   .          Rampage  .    c - ring of protection from cold
Will    .....                    v - +4 ring of slaying
Stlth   ++++                     n - ring of protection from fire
HPRegen 0.29/turn                z - ring of positive energy
MPRegen 0.14/turn                (no ring)
                                 (no ring)
                                 (no ring)

@: studying Fighting
A: almost no armour, amphibious, 8 rings, camouflage 1, gelatinous body 1,
(nimble swimmer 1), tentacles, agile 1, strong 2
a: Renounce Religion, Evoke Blink


You were on level 5 of the Dungeon.
You worshipped Vehumet.
Vehumet was aware of your devotion.
You visited 2 branches of the dungeon, and saw 7 of its levels.

You collected 1893 gold pieces.

Inventory:

Hand Weapons
 m - the +3 short sword of the Manifold Quests (weapon) {flame, rElec Int+5}
   (You found it on level 3 of the Dungeon)

   Int:       It affects your intelligence (+5).
   rElec:     It insulates you from electricity.
Missiles
 o - a throwing net
Armour
 l - the +1 hat of Ekkokkuf (worn) {+Blink Int+3}
   (You acquired it on level 2 of the Dungeon)

   Int:       It affects your intelligence (+3).
   +Blink:    It lets you blink.
Magical Staves
 k - a staff of conjuration
Jewellery
 c - a ring of protection from cold (right tentacle)
 j - a +6 ring of strength (left tentacle)
 n - a ring of protection from fire (on tentacle)
 v - a +4 ring of slaying (on tentacle)
 z - a ring of positive energy (on tentacle)
Wands
 f - a wand of mindburst (21)
 s - a wand of roots (2)
 w - a wand of flame (7)
Scrolls
 b - 2 scrolls of teleportation
 e - 2 scrolls of amnesia
 r - a scroll of enchant armour
 x - a scroll of identify
Potions
 a - 2 potions of magic
 d - 3 potions of attraction
 g - a potion of ambrosia {unknown}
 h - 2 potions of lignification {unknown}
 i - a potion of degeneration {unknown}
 p - a potion of curing
 t - 3 potions of berserk rage {unknown}
 u - a potion of resistance {unknown}


   Skills:
 + Level 1.9 Fighting
 + Level 5.0 Dodging
 - Level 4.0 Stealth
 - Level 1.2 Unarmed Combat
 + Level 4.6 Spellcasting
 + Level 4.9 Conjurations
 + Level 5.7 Air Magic
 * Level 6.7 Evocations


You had 16 spell levels left.
You knew the following spells:

 Your Spells              Type           Power      Damage    Failure   Level
a - Shock                 Conj/Air       100%       1d9       1%          1

Your spell library contained the following spells:

 Spells                   Type           Power      Damage    Failure   Level
 Freeze                   Ice            24%        1d4       9%          1
 Static Discharge         Conj/Air       66%        2-5/arc   1%          2
 Swiftness                Air            36%        N/A       2%          3
 Vhi's Electric Charge    Tloc/Air       42%        N/A       8%          3
 Airstrike                Air            18%        2d(3-19)  8%          4
 Slow                     Hex            24%        N/A       9%          1
 Blink                    Tloc           12%        N/A       12%         2
 Confusing Touch          Hex            6%         N/A       24%         3
 Vampiric Draining        Necr           6%         2d6       24%         3
 Arcjolt                  Conj/Air       16%        1d26      24%         5
 Lightning Bolt           Conj/Air       16%        1d30      24%         5
 Manifold Assault         Tloc           6%         N/A       63%         4
 Storm Form               Tmut/Air       10%        N/A       100%        7


Dungeon Overview and Level Annotations

Branches:
Dungeon (6/15)             Temple (1/1) D:4

Altars:
Cheibriados
Dithmenos
Hepliaklqana
Nemelex Xobeh
Okawaru
Ru
Sif Muna
Uskayaw
Vehumet
Wu Jian
Xom
Yredelemnul
Zin
The Shining One

Shops:
D:2 ?


Innate Abilities, Weirdness & Mutations

You cannot wear most types of armour.
You are amphibious.
You can wear up to eight rings at the same time.
Your skin changes colour to match your surroundings (Stealth+).
Your rubbery body absorbs attacks. (AC +1, EV +1)
((You are camouflaged when in or above water. (Stealth+)))
You have tentacles for arms and can constrict up to eight enemies at once.
You are agile. (Dex +4, Str/Int -1)
Your muscles are very strong. (Str +8, Int/Dex -2)


Message History

The zap hits the two-headed ogre.
The two-headed ogre is lightly wounded.
The zap hits the scorpion.
The scorpion is moderately wounded.
The zap hits the hound.
The hound is almost dead.
The zap hits the two-headed ogre!
The two-headed ogre is lightly wounded.
The scorpion stings you.
The zap hits the scorpion!
The scorpion is severely wounded.
The zap hits the hound!
You kill the hound!
Vehumet accepts your kill.
The zap hits the two-headed ogre.
The two-headed ogre is moderately wounded.
The scorpion closely misses you. x2
The zap hits the scorpion.
You kill the scorpion!
Vehumet accepts your kill.
The zap hits the two-headed ogre but does no damage.
The two-headed ogre is moderately wounded.
The zap hits the two-headed ogre.
The two-headed ogre is moderately wounded.
The zap hits the two-headed ogre.
The two-headed ogre is moderately wounded.
The zap misses the two-headed ogre.
The two-headed ogre barely misses you. x2
The zap hits the two-headed ogre.
The two-headed ogre is heavily wounded.
The two-headed ogre misses you.
The two-headed ogre hits you with a +0 giant club!
The zap hits the two-headed ogre.
The two-headed ogre is heavily wounded.
The zap hits the two-headed ogre!
The two-headed ogre is heavily wounded.
The two-headed ogre hits you with a +0 giant spiked club!!
Ouch! That really hurt!
* * * LOW HITPOINT WARNING * * *
The two-headed ogre hits you with a +0 giant club!!
You die...

########## #>........
##.####### #############
#..### #.@O.†......# ##...#
#.#######....h...
#####.######.#######.....#.<
#..........#.#......?.s..#
#.#####.##.#.......#.#.#.#
#.# #.##.#...............
#.# #..#.#.........#.#....
#.######.....#+####..###.#.Y
#..................


You could see a two-headed ogre.

Vanquished Creatures
  A two-headed ogre (D:6)
  The ghost of Esekla the Sneak, an amateur OpDe (D:4)
  An acid dragon (D:6)
  2 water moccasins (D:6)
  Duvessa (D:5)
  Blork the orc (D:4)
  A bullfrog (D:4)
  2 scorpions
  A necrophage (D:2)
  Dowan (D:5)
  2 hounds
  2 orc priests
  A jelly (D:6)
  2 iguanas
  6 orc wizards
  9 gnolls
  9 adders
  A shadow imp (D:6)
  2 white imps
  An ufetubus (D:5)
  3 worms (D:4)
  A dart slug (D:4)
  8 orcs
  3 bats
  8 endoplasms
  3 giant cockroaches
  7 hobgoblins
  7 jackals
  6 kobolds
  5 quokkas
  8 ball pythons
  2 frilled lizards
  4 goblins
  3 rats
115 creatures vanquished.

Notes
Turn   | Place    | Note
-------+----------+-------------------------------------------
     0 | D:1      | purpskrrrp the Octopode Air Elementalist began the quest
                  | for the Orb.
     0 | D:1      | Reached XP level 1. HP: 11/11 MP: 3/3
    77 | D:1      | Reached XP level 2. HP: 11/17 MP: 1/5
  1046 | D:1      | Reached XP level 3. HP: 22/22 MP: 3/6
  1239 | D:2      | Found Doddoiw's Magic Scroll Shoppe.
  1334 | D:2      | Noticed a necrophage
  1342 | D:2      | Killed a necrophage
  1343 | D:2      | Reached skill level 1 in Unarmed Combat
  1343 | D:2      | Reached XP level 4. HP: 21/27 MP: 2/7
  1528 | D:2      | Reached skill level 1 in Fighting
  1840 | D:2      | Reached XP level 5. HP: 20/33 MP: 0/8
  2158 | D:2      | Identified 4 scrolls of acquirement
  2158 | D:2      | Acquired a staff of conjuration
  2160 | D:2      | Acquired the +1 hat of Ekkokkuf {+Blink Int+3}
  2166 | D:2      | Acquired 699 gold pieces
  2167 | D:2      | Acquired 1022 gold pieces
  2324 | D:3      | Reached skill level 1 in Evocations
  2404 | D:3      | Identified the +3 short sword of the Manifold Quests
                  | {flame, rElec Int+5}
  2631 | D:3      | Found a faded altar of an unknown god.
  2748 | D:3      | Reached XP level 6. HP: 11/38 MP: 2/9
  2938 | D:3      | Reached skill level 2 in Evocations
  2983 | D:3      | Found an iron altar of Okawaru.
  3109 | D:3      | Identified the +2 robe of Binutifa {rPois Dex+5}
  3307 | D:3      | Gained mutation: You are agile. (Dex +4, Str/Int -1)
                  | [potion of mutation]
  3307 | D:3      | Gained mutation: Your muscles are strong. (Str +4, Int/Dex
                  | -1) [potion of mutation]
  3307 | D:3      | Gained mutation: Your muscles are very strong. (Str +8,
                  | Int/Dex -2) [potion of mutation]
  3318 | D:4      | Found a runed translucent door.
  3319 | D:4      | Found a staircase to the Ecumenical Temple.
  3333 | Temple   | Entered the Ecumenical Temple
  3542 | Temple   | Became a worshipper of Vehumet
  3595 | D:4      | Noticed Esekla's ghost (amateur OpDe)
  3613 | D:4      | Killed Esekla's ghost
  3614 | D:4      | Reached skill level 3 in Evocations
  3614 | D:4      | Reached XP level 7. HP: 34/43 MP: 0/11
  4259 | D:4      | You fall into a shaft and drop 2 floors!
  4311 | D:6      | Noticed a two-headed ogre
  4322 | D:6      | Killed a two-headed ogre
  4323 | D:6      | Reached skill level 5 in Air Magic
  4323 | D:6      | Reached skill level 5 in Evocations
  4323 | D:6      | Reached XP level 8. HP: 10/48 MP: 8/13
  4943 | D:6      | Reached skill level 6 in Evocations
  5100 | D:6      | Reached * piety under Vehumet
  5100 | D:6      | Offered knowledge of Freeze by Vehumet.
  5180 | D:6      | Reached XP level 9. HP: 53/53 MP: 11/15
  5226 | D:5      | Entered Level 5 of the Dungeon
  5506 | D:4      | Noticed Blork the orc
  5514 | D:4      | Killed Blork the orc
  6102 | D:5      | Noticed Dowan
  6102 | D:5      | Noticed Duvessa
  6137 | D:5      | Killed Duvessa
  6270 | D:5      | Killed Dowan
  6271 | D:5      | Reached skill level 5 in Dodging
  6299 | D:5      | Noticed a two-headed ogre
  6320 | D:5      | Mangled by a two-headed ogre

Illustrated notes

Levels and vault maps discovered:
D:1:      dpeg_arrival_boxes_within_box, layout_basic
D:2:      layout_loops_ring, serial_shops, shop, nicolae_kite_square_tiling_tiny
D:3:      layout_rooms, okawaru_metal_pillars_3, ebering_ecumenical_altar_rust
D:4:      layout_basic, minmay_temple_entry_overgrown, ebering_ghost_sewer_d,
          minmay_manual_monstrance, uniq_blork_the_orc
D:5:      layout_basic, uniq_duvessa
D:6:      layout_gridville, mainiacjoe_overflow_tiny_flanked,
          grunt_temple_overflow_open, cheibrodos_ashenzari_chains, minivault_5,
          minmay_pentangle
Temple:   oiseaux_autumnal_temple

Skill      XL: |  1  2  3  4  5  6  7  8  9 |
---------------+----------------------------+-----
Stealth        | 3 4 |  4.0
Unarmed Combat | 1 |  1.2
Conjurations   | 2 3 4 |  4.9
Fighting       | 1 |  1.9
Evocations     | 1 3 5 6 |  6.7
Air Magic      | 4 5 |  5.7
Dodging        | 3 4 5 |  5.0
Spellcasting   | 3 4 |  4.6

Action                     |  1- 3 |  4- 6 |  7- 9 || total
---------------------------+-------+-------+-------++-------
  Melee: Unarmed           |    26 |     6 |       ||    32
         Tentacles         |     8 |     4 |    12 ||    24
         Constrict         |     7 |     4 |    12 ||    23
         Staff             |       |     8 |       ||     8
         Short sword       |       |     9 |    32 ||    41
         Punch             |       |       |     1 ||     1
   Cast: Shock             |    39 |    72 |   143 ||   254
  Evoke: Wand              |       |       |     4 ||     4
    Use: Scroll            |     6 |     9 |     7 ||    22
         Potion            |     2 |     1 |       ||     3
 Armour: Skin              |     4 |     2 |       ||     6
  Dodge: Dodged            |    18 |    34 |    21 ||    73

Table legend: (Time is in decaauts)
 A = Elapsed time spent in this place.
 B = Non-inter-level travel time spent in this place.
 C = Inter-level travel time spent in this place.
 D = Time resting spent in this place.
 E = Time spent auto-exploring this place.
 F = Levels seen in this place.
 G = Mean time per level.
                   A        B        C        D        E       F      G
               +--------+--------+--------+--------+--------+-----+--------+
         Total |   6321 |   5916 |    405 |   1179 |   3912 |   7 |  903.0 |
       Dungeon |   6073 |   5710 |    363 |   1179 |   3730 |   6 | 1012.2 |
        Temple |    248 |    206 |     42 |      0 |    182 |   1 |  248.0 |
               +--------+--------+--------+--------+--------+-----+--------+

Top non-repeatable levels by time:
     D:4: 1513 daAuts
     D:1: 1364 daAuts
     D:6: 1014 daAuts
     D:3: 1006 daAuts
     D:2: 946 daAuts
  Temple: 248 daAuts
     D:5: 228 daAuts
